 Dungeon Crawl Stone Soup version 0.22-a0-358-g7563fe7 (webtiles) character file.

79 grindst0ne the Skirmisher (level 4, -2/37 HPs)
             Began as a Formicid Abyssal Knight on Apr 18, 2018.
             Was a Believer of Lugonu.
             Slain by a worm (9 damage)
             ... on level 2 of the Dungeon.
             The game lasted 00:02:27 (1370 turns).

grindst0ne the Skirmisher (Formicid Abyssal Knight) Turns: 1370, Time: 00:02:28

Health: -2/37      AC:  4    Str: 17    XL:     4   Next: 62%
Magic:  6/6        EV: 11    Int: 12    God:    Lugonu [**....]
Gold:   120        SH:  0    Dex: 10    Spells: 3/3 levels left

rFire    . . .     SeeInvis +   o - +2 rapier (flame)
rCold    . . .     Gourm    .   (no shield)
rNeg     . . .     Faith    .   b - +0 leather armour
rPois    .         Spirit   .   (helmet unavailable)
rElec    .         Reflect  .   (no cloak)
rCorr    .         Harm     .   f - +0 pair of gloves
MR       .....                  (no boots)
Stlth    +.........             (no amulet)
HPRegen  0.12/turn              (no ring)
MPRegen  0.10/turn              (no ring)

@: no status effects
A: permanent stasis, dig shafts and tunnels, four strong arms, antennae 3
a: Dig, Shaft Self, Depart the Abyss, Bend Space, Renounce Religion


You were on level 2 of the Dungeon.
You worshipped Lugonu.
Lugonu was pleased with you.
You were hungry.

You visited 1 branch of the dungeon, and saw 2 of its levels.
You visited the Abyss 1 time.

You collected 120 gold pieces.

Inventory:

Hand Weapons
 a - a +1 falchion
 o - a +2 rapier of flaming (weapon)
 p - a +1 whip of freezing
Armour
 b - a +0 leather armour (worn)
 f - a +0 pair of gloves (worn)
Scrolls
 d - 3 scrolls of random uselessness {unknown}
 e - 2 scrolls of identify {unknown}
 h - a scroll of enchant weapon {unknown}
 j - a scroll of blinking {unknown}
Potions
 g - 3 potions of curing {unknown}
 i - a potion of brilliance {unknown}
 k - a potion of degeneration {unknown}
 m - 2 potions of mutation {unknown}
 n - a potion of might {unknown}
Comestibles
 c - 5 rations


   Skills:
 + Level 4.1 Fighting
 + Level 3.0 Long Blades
 - Level 2.1 Armour
 - Level 0.8 Dodging
 + Level 3.5 Invocations


You had 3 spell levels left.
You didn't know any spells.

Dungeon Overview and Level Annotations

Branches:
Dungeon (2/15)

Altars:
Fedhas


Innate Abilities, Weirdness & Mutations

You cannot be hasted, slowed, berserked, paralysed or teleported.
You can dig through walls and to a lower floor.
Your four strong arms can wield two-handed weapons with a shield.
You have a pair of large antennae on your head. (SInv)


Message History

* * * LOW HITPOINT WARNING * * *
You hit the dart slug. You burn the dart slug.
You kill the dart slug!
Lugonu accepts your kill. The leopard gecko bites you.
* * * LOW HITPOINT WARNING * * *
You puncture the leopard gecko! You burn the leopard gecko.
You kill the leopard gecko!
Lugonu accepts your kill. The worm bites you but does no damage.
You see here a leopard gecko corpse.
You barely miss the worm. The worm barely misses you.
You hit the worm but do no damage. You puncture the worm! You burn the worm.
The worm is severely wounded.
The worm barely misses you.
You barely miss the worm.
The worm is severely wounded.
The worm bites you!
You die...

.........####.#.....###
# ........## #.......##
# ........# ##.......##
# .......†#
##..)#...### ........#
##..##...... ........#
##..###......
#.....#.##
##............
###.###)†#
.............# #. ##@#
####.##.##.... .
##w#####(. #.##..## .
.##.....##.###....##
...........#....###
...........##.#.##
.............##...#
.............#...## #
..........<..#.#.# #
...............#.# #


You could see a worm.

Vanquished Creatures
  Natasha (D:2)
  2 worms (D:2)
  3 dart slugs (D:2)
  3 leopard geckos (D:2)
  6 bats
  A giant cockroach (D:2)
  4 goblins
  9 hobgoblins
  5 kobolds
  A ball python (D:2)
  7 rats
42 creatures vanquished.

Notes
Turn   | Place    | Note
-------+----------+-------------------------------------------
     0 | Abyss:1  | grindst0ne the Formicid Abyssal Knight began the quest for the Orb.
     0 | Abyss:1  | Reached XP level 1. HP: 18/18 MP: 2/2
    69 | Abyss:1  | Noticed an ancient zyme
    76 | Abyss:1  | Noticed a raiju
    76 | Abyss:1  | Noticed a fire bat
    78 | D:1      | Escaped the Abyss
   212 | D:1      | Reached * piety under Lugonu
   213 | D:1      | Reached XP level 2. HP: 10/24 MP: 3/3
   720 | D:2      | Reached XP level 3. HP: 30/30 MP: 5/5
   766 | D:2      | Found a blossoming altar of Fedhas.
   782 | D:2      | Noticed Natasha
   791 | D:2      | Killed Natasha
   791 | D:2      | Reached skill level 4 in Fighting
   791 | D:2      | Reached XP level 4. HP: 20/37 MP: 6/6
  1058 | D:2      | Reached ** piety under Lugonu
  1370 | D:2      | Slain by a worm

Vault maps used:
D:1:      dpeg_arrival_tiny_a, nrook_loot_triangle, serial_bayou_lagoon_a
D:2:      fedhas_altar_1, grunt_ministairs_3, uniq_natasha

Skill      XL: |  1  2  3  4 |
---------------+-------------+-----
Invocations    | 3 |  3.5
Fighting       | 4 |  4.1
Long Blades    | 3 |  3.0
Armour         | |  2.1
Dodging        | |  0.8

Action                   |  1- 3 |  4- 6 || total
-------------------------+-------+-------++-------
Melee: Falchion          |    82 |       ||    82
       Rapier            |       |    33 ||    33
Invok: Depart the Abyss  |     1 |       ||     1
  Eat: Chunk             |       |     1 ||     1
Armor: Leather armour    |    24 |     4 ||    28
Dodge: Dodged            |    57 |    19 ||    76
       Rpst.: Falchion   |    21 |       ||    21

Table legend:
 A = Spawn XP
 B = Non-spawn XP
 C = Spawn XP percentage of total XP
 D = Spawn monster count
 E = Non-spawn monster count
 F = Spawn count percentage of total count
 G = Total turns spent on level
                    A         B        C        D         E        F      G
               +---------+---------+-------+---------+---------+-------+---------
         Total |       0 |     113 |   0.0 |       0 |      42 |   0.0 |  1370
               +---------+---------+-------+---------+---------+-------+---------
           D:1 |       0 |      22 |   0.0 |       0 |      14 |   0.0 |   591
           D:2 |       0 |      91 |   0.0 |       0 |      28 |   0.0 |   701
               +---------+---------+-------+---------+---------+-------+---------
